 Dungeon Crawl Stone Soup version 0.26.0-16-gc1dbca0489 (webtiles) character file.

Game seed: 10297146465811866698

1500 boopsy the Ducker (level 8, -5/64 HPs)
             Began as a Gnoll Gladiator on Jan 19, 2021.
             Was an Initiate of Cheibriados.
             Killed from afar by an orc wizard (22 damage)
             ... with a bolt of acid
             ... on level 6 of the Dungeon.
             The game lasted 00:10:22 (6557 turns).

boopsy the Ducker (Gnoll Gladiator)                 Turns: 6557, Time: 00:10:22

Health: -5/64      AC:  7    Str: 20    XL:     8   Next: 81%
Magic:  13/13      EV: 17    Int: 12    God:    Cheibriados [......]
Gold:   380        SH:  0    Dex: 17    Spells: 14/14 levels left

rFire    . . .     SeeInvis .   a - +1 short sword (venom)
rCold    . . .     Faith    .   (no shield)
rNeg     . . .     Spirit   .   E - +1 leather armour "Caezou Jeocy" {Will+}
rPois    .         Reflect  .   c - +1 helmet
rElec    .         Harm     .   (no cloak)
rCorr    .         Rampage  .   n - +0 pair of gloves
Will     +....                  (no boots)
Stlth    ++........             (no amulet)
HPRegen  0.20/turn              D - ring of wizardry
MPRegen  0.13/turn              (no ring)

@: very slow
A: distributed training, fangs 1, strong nose
a: Renounce Religion, Bend Time


You were on level 6 of the Dungeon.
You worshipped Cheibriados.
Cheibriados was noncommittal.
You visited 2 branches of the dungeon, and saw 8 of its levels.
You also visited: Sewer.

You collected 380 gold pieces.

Inventory:

Hand Weapons
 a - a +1 short sword of venom (weapon)
 b - a +0 fustibalus
Missiles
 d - 3 throwing nets (quivered)
 q - 115 sling bullets
Armour
 c - a +1 helmet (worn)
 n - a +0 pair of gloves (worn)
 v - a +0 ring mail
 E - the +1 leather armour "Caezou Jeocy" (worn) {Will+}
   (You found it on level 5 of the Dungeon)

   It affects your willpower, your defense against some magical effects.
Jewellery
 D - a ring of wizardry (left hand)
 F - an uncursed ring of protection from fire {unknown}
Wands
 i - a wand of flame (14)
 A - a wand of enslavement (5)
 G - a wand of paralysis (10)
Scrolls
 g - a scroll of magic mapping
 h - 2 scrolls of remove curse
 k - 8 scrolls of identify {unknown}
 l - 5 scrolls of teleportation {unknown}
 m - a scroll of random uselessness {unknown}
 p - a scroll of enchant weapon {unknown}
 r - a scroll of blinking {unknown}
 y - a scroll of amnesia {unknown}
 B - a scroll of fog {unknown}
 C - a scroll of noise {unknown}
Potions
 e - 2 potions of resistance {unknown}
 f - 2 potions of berserk rage {unknown}
 j - a potion of ambrosia {unknown}
 o - 2 potions of heal wounds {unknown}
 s - 4 potions of degeneration {unknown}
 t - 2 potions of brilliance {unknown}
 u - 2 potions of haste
 w - 3 potions of curing {unknown}
 x - 3 potions of flight {unknown}
 z - 3 potions of lignification {unknown}


   Skills:
 + Level 5.9 Fighting
 + Level 3.6 Short Blades
 + Level 7.5 Long Blades
 + Level 3.6 Axes
 + Level 3.6 Maces & Flails
 + Level 3.6 Polearms
 + Level 3.6 Staves
 + Level 3.6 Slings
 + Level 3.6 Bows
 + Level 3.6 Crossbows
 + Level 5.9 Throwing
 + Level 3.6 Armour
 + Level 7.5 Dodging
 + Level 3.6 Stealth
 + Level 3.6 Shields
 + Level 3.6 Unarmed Combat
 + Level 3.6 Spellcasting
 + Level 2.9 Conjurations
 + Level 2.9 Hexes
 + Level 2.9 Summonings
 + Level 2.9 Necromancy
 + Level 2.9 Translocations
 + Level 2.9 Transmutations
 + Level 2.9 Fire Magic
 + Level 2.9 Ice Magic
 + Level 2.9 Air Magic
 + Level 2.9 Earth Magic
 + Level 2.9 Poison Magic
 + Level 4.0 Invocations
 + Level 3.6 Evocations


You had 14 spell levels left.
You didn't know any spells.
Your spell library was empty.

Dungeon Overview and Level Annotations

Branches:
Dungeon (7/15)             Temple (1/1) D:5           Sewer (visited)

Altars:
Ashenzari
Cheibriados
Dithmenos
Elyvilon
Fedhas
Gozag
Makhleb
Nemelex Xobeh
Okawaru
Qazlal
Ru
Trog
Vehumet
Wu Jian
Zin
The Shining One
Lugonu

Shops:
D:5 !

Annotations:
D:6 2 transporters, Myro's ghost, novice GrFi


Innate Abilities, Weirdness & Mutations

Your experience applies equally to all skills.
You have very sharp teeth.
Your uncanny sense of smell can sniff out nearby items.


Message History

You are too injured to fight recklessly!
Unknown command.
The ufetubus completely misses you. The ufetubus closely misses you.
You are too injured to fight recklessly!
The orc wizard shouts!
You hit the orc.
The orc is poisoned.
The orc is severely wounded.
You kill the orc!
Cheibriados appreciates the change of pace.
The ufetubus misses you. The ufetubus barely misses you.
You barely miss the orc wizard. Your bite misses the orc wizard.
The ufetubus hits you.
* * * LOW HITPOINT WARNING * * *
The ufetubus barely misses you.
The orc wizard zaps a wand.
The bolt of acid misses you. The orc wizard barely misses you.
You closely miss the orc wizard.
You bite the orc wizard, but do no damage.
The ufetubus completely misses you. x2; The orc wizard zaps a wand.
The bolt of acid hits you!!
You die...

#### ### #..### #.#
#....# #.# ##...### ##.#
##..>.###..#
###.o##..#############
#.5@#)###...........
#..o......##########
###..(##### #####..(###
### ##.........######.##
#..#.#(..#.....##..##
##.....((.#.#.#......#
#...#.#..(...........###
#........#..#.#.#.......


You could see 2 orc wizards and an ufetubus.

Vanquished Creatures
  Grinder (D:6)
  Sigmund (D:5)
  An orc warrior (D:7)
  An ogre (D:5)
  2 centaurs
  A big kobold (Sewer)
  A scorpion (D:7)
  A howler monkey (D:5)
  2 hounds
  3 orc wizards
  An orc priest (D:4)
  2 bullfrog skeletons (D:4)
  An iguana (D:5)
  4 worker ants
  A hound skeleton (D:5)
  A gnoll (D:4)
  12 adders
  A white imp (D:6)
  2 oozes (D:1)
  4 worms
  2 dart slugs
  7 leopard geckos
  13 orcs
  6 giant cockroaches
  8 goblins
  13 hobgoblins
  12 jackals
  12 kobolds
  2 quokkas
  A ball python (D:5)
  8 bats
  8 frilled lizards
  13 rats
148 creatures vanquished.

Vanquished Creatures (others)
  An orc wizard (D:4)
1 creature vanquished.

Grand Total: 149 creatures vanquished

Notes
Turn   | Place    | Note
-------+----------+-------------------------------------------
     0 | D:1      | boopsy the Gnoll Gladiator began the quest for the Orb.
     0 | D:1      | Reached XP level 1. HP: 20/20 MP: 1/1
   316 | D:1      | Reached XP level 2. HP: 16/26 MP: 2/2
   572 | D:1      | Reached XP level 3. HP: 28/31 MP: 3/3
  1112 | D:1      | Reached skill level 1 in Invocations
  1247 | D:2      | Reached skill level 1 in Short Blades
  1247 | D:2      | Reached skill level 1 in Axes
  1247 | D:2      | Reached skill level 1 in Maces & Flails
  1247 | D:2      | Reached skill level 1 in Polearms
  1247 | D:2      | Reached skill level 1 in Staves
  1247 | D:2      | Reached skill level 1 in Slings
  1247 | D:2      | Reached skill level 1 in Bows
  1247 | D:2      | Reached skill level 1 in Crossbows
  1247 | D:2      | Reached skill level 1 in Armour
  1247 | D:2      | Reached skill level 1 in Stealth
  1247 | D:2      | Reached skill level 1 in Shields
  1247 | D:2      | Reached skill level 1 in Unarmed Combat
  1247 | D:2      | Reached skill level 1 in Spellcasting
  1247 | D:2      | Reached skill level 1 in Evocations
  1252 | D:2      | Reached XP level 4. HP: 35/38 MP: 5/5
  1687 | D:2      | Reached skill level 1 in Conjurations
  1687 | D:2      | Reached skill level 1 in Hexes
  1687 | D:2      | Reached skill level 1 in Summonings
  1687 | D:2      | Reached skill level 1 in Necromancy
  1687 | D:2      | Reached skill level 1 in Translocations
  1687 | D:2      | Reached skill level 1 in Transmutations
  1687 | D:2      | Reached skill level 1 in Fire Magic
  1687 | D:2      | Reached skill level 1 in Ice Magic
  1687 | D:2      | Reached skill level 1 in Air Magic
  1687 | D:2      | Reached skill level 1 in Earth Magic
  1687 | D:2      | Reached skill level 1 in Poison Magic
  1745 | D:2      | Found a burning altar of Makhleb.
  2306 | D:3      | Found a faded altar of an unknown god.
  2475 | D:3      | Reached XP level 5. HP: 43/43 MP: 6/6
  2835 | D:3      | Found a glowing drain.
  2848 | Sewer    | Entered a sewer
  2911 | Sewer    | Noticed a big kobold
  2926 | Sewer    | Killed a big kobold
  2927 | Sewer    | Reached XP level 6. HP: 50/50 MP: 8/8
  2947 | Sewer    | Found a glowing silver altar of Zin.
  3052 | D:3      | Found a broken altar of Ashenzari.
  3579 | D:4      | Reached skill level 5 in Fighting
  3579 | D:4      | Reached skill level 5 in Throwing
  3787 | D:4      | Reached XP level 7. HP: 42/56 MP: 10/10
  4053 | D:4      | Found an iron altar of Okawaru.
  4373 | D:4      | Found a glowing golden altar of the Shining One.
  4457 | D:4      | Found an opulent altar of Gozag.
  4469 | D:4      | Found a sacrificial altar of Ru.
  4474 | D:4      | Found a blossoming altar of Fedhas.
  4536 | D:5      | Entered Level 5 of the Dungeon
  4536 | D:5      | Noticed Sigmund
  4544 | D:5      | Killed Sigmund
  4566 | D:5      | Reached XP level 8. HP: 55/63 MP: 12/12
  4731 | D:5      | Found a staircase to the Ecumenical Temple.
  4923 | D:5      | Got an emerald-encrusted leather armour
  4944 | D:5      | Identified the +1 leather armour "Caezou Jeocy" {Will+}
                  | (You found it on level 5 of the Dungeon)
  4979 | D:5      | Found a shadowy altar of Dithmenos.
  5107 | D:5      | Found Toxut's Distillery.
  5229 | Temple   | Entered the Ecumenical Temple
  5248 | Temple   | Became a worshipper of Cheibriados the Contemplative
  5323 | D:5      | Found a white marble altar of Elyvilon.
  5323 | D:5      | Found a bloodstained altar of Trog.
  5762 | D:6      | Noticed a queen bee
  5768 | D:6      | Noticed Myro's ghost (novice GrFi)
  5801 | D:6      | Found a transporter.
  5805 | D:6      | Found a transporter.
  6263 | D:6      | Noticed Grinder
  6290 | D:6      | Killed Grinder
  6557 | D:6      | Killed from afar by an orc wizard

Illustrated notes

Levels and vault maps discovered:
D:1:      minmay_arrival_split_and_join, layout_basic
D:2:      layout_loops_ring, lemuel_round_altar, minmay_tetromino_o4
D:3:      layout_basic, general_overflow_altar,
          chequers_ecumenical_altar_simple, gup_sewer_entry_bubbles
D:4:      layout_basic, okawaru_altar_gauntlet_db,
          lemuel_coloured_pillars_altar, minmay_overflow_temple_star_quad
D:5:      layout_cave_pods, amethyst_overflow_temple_binary,
          minmay_temple_entry_statues_pillars, serial_shops, shop, basic_altar,
          chequers_big_river, uniq_sigmund
D:6:      layout_rooms, serial_glass, glass_columns_b, glass_columns_b,
          glass_columns_b, glass_columns_c, glass_columns_a, glass_columns_a,
          glass_columns_a, glass_columns_a, glass_columns_c, glass_columns_a,
          glass_columns_a, glass_columns_b, glass_columns_c, glass_columns_c,
          gammafunk_ghost_hive, uniq_grinder
D:7:      layout_cave_pools, kennysheep_mini
Temple:   kb_corrupted_temple

Skill      XL: |  1  2  3  4  5  6  7  8 |
---------------+-------------------------+-----
Invocations    | 1 2 3 4 |  4.0
Short Blades   | 1 2 3 |  3.6
Axes           | 1 2 3 |  3.6
Maces & Flails | 1 2 3 |  3.6
Polearms       | 1 2 3 |  3.6
Staves         | 1 2 3 |  3.6
Slings         | 1 2 3 |  3.6
Bows           | 1 2 3 |  3.6
Crossbows      | 1 2 3 |  3.6
Armour         | 1 2 3 |  3.6
Stealth        | 1 2 3 |  3.6
Shields        | 1 2 3 |  3.6
Unarmed Combat | 1 2 3 |  3.6
Spellcasting   | 1 2 3 |  3.6
Evocations     | 1 2 3 |  3.6
Conjurations   | 1 2 |  2.9
Hexes          | 1 2 |  2.9
Summonings     | 1 2 |  2.9
Necromancy     | 1 2 |  2.9
Translocations | 1 2 |  2.9
Transmutations | 1 2 |  2.9
Fire Magic     | 1 2 |  2.9
Ice Magic      | 1 2 |  2.9
Air Magic      | 1 2 |  2.9
Earth Magic    | 1 2 |  2.9
Poison Magic   | 1 2 |  2.9
Fighting       | 5 |  5.9
Throwing       | 5 |  5.9
Long Blades    | 7 |  7.5
Dodging        | 7 |  7.5

Action                   |  1- 3 |  4- 6 |  7- 9 || total
-------------------------+-------+-------+-------++-------
Melee: Long sword        |    61 |   148 |       ||   209
       Bite              |     6 |    28 |    30 ||    64
       Short sword       |       |    26 |   176 ||   202
       Punch             |       |     1 |     1 ||     2
 Fire: Hunting sling     |       |     5 |       ||     5
       Fustibalus        |       |    14 |    12 ||    26
  Use: Scroll            |       |       |     3 ||     3
 Stab: Sleeping          |     2 |     3 |     1 ||     6
Armor: Leather armour    |    18 |    21 |    13 ||    52
       Ring mail         |       |    31 |    33 ||    64
Dodge: Dodged            |    51 |   151 |   174 ||   376
Block: Buckler           |       |       |    26 ||    26
       Rpst.: Long sword |    19 |    40 |       ||    59
